 Dungeon Crawl Stone Soup version 0.28.0-47-ge53b351184 (webtiles) character file.

Game seed: 11385242687909389975

2226 101zpm the Thaumaturge (level 9, -10/55 HPs)
             Began as a Djinni Fire Elementalist on May 2, 2022.
             Mangled by a yak (12 damage)
             ... on level 10 of the Dungeon.
             The game lasted 00:10:28 (3951 turns).

101zpm the Thaumaturge (Djinni Fire Elementalist)   Turns: 3951, Time: 00:10:29

Health: -10/55     AC:  6    Str:  7    XL:     9   Next: 62%
Gold:   53         EV: 12    Int: 21    God:
                   SH:  0    Dex: 14

rFire   + + +      SeeInvis .   (no weapon)
rCold   x . .      Faith    .   (no shield)
rNeg    . . .      Spirit   .   a - +0 robe
rPois   ∞          Reflect  .   (no helmet)
rElec   .          Harm     .   (no cloak)
rCorr   .          Rampage  .   (no gloves)
Will    .....                   (boots unavailable)
Stlth   ++........              (no amulet)
HPRegen 0.18/turn               l - ring of protection from fire
MPRegen 0.00/turn               h - +4 ring of protection

@: flying
A: sickness immunity, fire resistance 2, cold vulnerability 1, float, innate
caster, HP casting, extra vitality 1
a: no special abilities


You were on level 10 of the Dungeon.
You visited 1 branch of the dungeon, and saw 10 of its levels.

You collected 53 gold pieces.

Inventory:

Armour
 a - a +0 robe (worn)
Jewellery
 d - a ring of wizardry
 h - a +4 ring of protection (right hand)
 l - a ring of protection from fire (left hand)
 m - a ring of positive energy
Scrolls
 c - 3 scrolls of teleportation {unknown}
 e - 4 scrolls of identify {unknown}
 f - a scroll of vulnerability {unknown}
 g - a scroll of magic mapping {unknown}
 i - a scroll of fog {unknown}
 n - a scroll of enchant weapon {unknown}
Potions
 b - 2 potions of curing {unknown}
 j - a potion of degeneration {unknown}
 k - a potion of heal wounds {unknown}


   Skills:
 + Level 0.3 Fighting
 + Level 2.7 Dodging
 + Level 3.8 Stealth
 + Level 9.1 Spellcasting


You had 4 spell levels left.
You knew the following spells:

 Your Spells              Type           Power      Damage    Failure   Level
a - Foxfire               Conj/Fire      100%       2x1d9     1%          1
b - Scorch                Fire           96%        2d10      1%          2
c - Conjure Flame         Conj/Fire      48%        6-21      1%          3
d - Inner Flame           Hex/Fire       48%        N/A       1%          3
e - Flame Wave            Conj/Fire      48%        2d10      1%          4
f - Sting                 Tmut/Pois      100%       1d8       1%          1
g - Blink                 Tloc           96%        N/A       1%          2
h - Vampiric Draining     Necr           48%        2d9       1%          3
i - Confusing Touch       Hex            48%        N/A       1%          3
Your spell library was empty.

Dungeon Overview and Level Annotations

Branches:
Dungeon (10/15)            Temple (0/1) D:7
   Lair: D:8-11         Orc: D:9-12

Altars:


Innate Abilities, Weirdness & Mutations

You are immune to sickness and miasma.
You are immune to poison.
Your flesh is very heat resistant. (rF++)
You are vulnerable to cold. (rC-)
You float through the air rather than walking.
You learn spells naturally, not from books.
Your magical power is your life essence.
You have superior vitality. (+4 MHP)


Message History

The yak explodes!
The fiery explosion engulfs your foxfire.
Your foxfire completely resists.
l - a ring of protection from fire (left hand)
A yak comes into view.
h - a +4 ring of protection (right hand)
The foxfire hits the yak but does no damage.
The foxfire hits the yak.
The yak is lightly wounded.
Your foxfire dissipates!
A yak comes into view.
Casting: Foxfire (safe; 1% risk of failure)
Confirm with . or Enter, or press ? or * to list all spells.
You don't have enough health to cast this spell.
Casting: Foxfire (safe; 1% risk of failure)
Press: ? - help, Q - select action, (/) - cycle Dir - look around, f - activate You conjure some foxfire!
* * * LOW HITPOINT WARNING * * *
The yak is engulfed in blazing flames.
What are your orders? t - Shout!
Orders for allies: a - Attack new target. r - Retreat! s - Stop attacking. g - Guard the area. f - Follow me.
Anything else - Cancel.
Okay, then.
Casting: Foxfire (safe; 1% risk of failure)
Confirm with . or Enter, or press ? or * to list all spells.
You don't have enough health to cast this spell.
The foxfire hits the yak but does no damage.
The yak is heavily wounded.
The foxfire hits the yak but does no damage.
The yak is heavily wounded.
A yak comes into view.
The yak is engulfed in blazing flames.
Unknown command.
Okay, then.
Okay, then.
The yak gores you!
You die...

.........
...!.....)
.........#
........)##
)......).#
#.......
##....##
#....@§#
##.)Y§.#
#.Y§.##
..○))#.#
###Y°○###
#.○○.
..#...
.####.. ###


You could see 3 yaks.

Vanquished Creatures
  A two-headed ogre (D:10)
  2 yaks (D:10)
  2 water moccasins (D:7)
  Duvessa (D:5)
  A black bear (D:6)
  2 ogres (D:5)
  A phantom (D:7)
  A kobold brigand (D:10)
  A gnoll sergeant (D:10)
  Dowan (D:5)
  5 killer bees (D:10)
  A howler monkey (D:10)
  3 wights (D:7)
  A bullfrog skeleton (D:5)
  A hound (D:5)
  A jelly (D:5)
  4 adders
  4 gnolls (D:10)
  A white imp (D:7)
  A dart slug (D:4)
  A ball python (D:1)
  4 endoplasms (D:2)
  A giant cockroach (D:1)
  2 hobgoblins (D:1)
  6 kobolds
  3 quokkas (D:1)
  2 bats
  A goblin (D:1)
  4 rats
59 creatures vanquished.

Vanquished Creatures (others)
  322 foxfires
322 creatures vanquished.

Grand Total: 381 creatures vanquished

Notes
Turn   | Place    | Note
-------+----------+-------------------------------------------
     0 | D:1      | 101zpm the Djinni Fire Elementalist began the quest for the
                  | Orb.
     0 | D:1      | Reached XP level 1. HP: 15/15 MP: 0/0
   232 | D:2      | Noticed a phantom
   347 | D:1      | Reached XP level 2. HP: 13/21 MP: 0/0
  1646 | D:2      | Reached skill level 3 in Spellcasting
  1761 | D:2      | Reached XP level 3. HP: 22/25 MP: 0/0
  1761 | D:2      | Learned a level 1 spell: Sting
  2078 | D:3      | Found a faded altar of an unknown god.
  2186 | D:5      | Entered Level 5 of the Dungeon
  2365 | D:5      | Reached XP level 4. HP: 28/31 MP: 0/0
  2522 | D:5      | Reached skill level 4 in Spellcasting
  2522 | D:5      | Reached XP level 5. HP: 31/35 MP: 0/0
  2522 | D:5      | Learned a level 2 spell: Blink
  2643 | D:5      | Noticed an ogre
  2643 | D:5      | Noticed an ogre
  2648 | D:5      | Killed an ogre
  2649 | D:5      | Reached XP level 6. HP: 29/40 MP: 0/0
  2654 | D:5      | Killed an ogre
  2663 | D:5      | Noticed Duvessa
  2672 | D:5      | Killed Duvessa
  2673 | D:5      | Reached skill level 5 in Spellcasting
  2673 | D:5      | Reached XP level 7. HP: 16/45 MP: 0/0
  2673 | D:5      | Learned a level 3 spell: Vampiric Draining
  2965 | D:5      | Noticed Dowan
  2971 | D:5      | Killed Dowan
  3344 | D:7      | Reached skill level 6 in Spellcasting
  3348 | D:7      | Noticed a water moccasin
  3349 | D:7      | Noticed a water moccasin
  3352 | D:7      | Killed a water moccasin
  3353 | D:7      | Reached XP level 8. HP: 24/50 MP: 0/0
  3644 | D:7      | Found a staircase to the Ecumenical Temple.
  3758 | D:10     | Entered Level 10 of the Dungeon
  3765 | D:10     | Reached skill level 7 in Spellcasting
  3788 | D:10     | Noticed a two-headed ogre
  3792 | D:10     | Killed a two-headed ogre
  3793 | D:10     | Reached skill level 8 in Spellcasting
  3793 | D:10     | Reached XP level 9. HP: 11/55 MP: 0/0
  3793 | D:10     | Learned a level 3 spell: Confusing Touch
  3943 | D:10     | Reached skill level 9 in Spellcasting
  3951 | D:10     | Mangled by a yak

Illustrated notes

Levels and vault maps discovered:
D:1:      wander_arrival_chamber, layout_rooms, serial_corexii_hall,
          chequers_hall_statues_corner_a, corexii_hall_statues_s,
          corexii_hall_statues_i, chequers_hall_statues_corner_a,
          grunt_decor_one_mirror
D:2:      layout_basic, minmay_pentomino_t2
D:3:      layout_basic, hellmonk_ecumenical_altar_run_dry, serial_shops,
          nicolae_shop_overgrown_old_shop, shop, nicolae_shop_trees,
          nicolae_lakefront_shop, uniq_robin
D:4:      layout_gridville, hangedman_decor_riveting,
          chequers_serial_rivers_micro_c
D:5:      layout_basic, serial_shops, shop, lightli_sewer_entry_pipes,
          uniq_eustachio, uniq_duvessa
D:6:      corexii_shantytown, layout_basic, serial_shops, shop, feat_on_display,
          uniq_pikel
D:7:      old_forge, layout_layer_cave, kennysheep_mini_moat,
          minmay_temple_entry_ruins, eino_jars
D:8:      layout_basic, hangedman_decor_slide_cut
D:9:      layout_roguey, serial_shops, nicolae_shop_hallway_plus,
          nicolae_sextant, uniq_maurice, uniq_harold
D:10:     layout_cave_pools

Skill      XL: |  1  2  3  4  5  6  7  8  9 |
---------------+----------------------------+-----
Spellcasting   | 3 4 5 6 8 9 |  9.1
Stealth        | 2 3 |  3.8
Fighting       | |  0.3
Dodging        | |  2.7

Action                   |  1- 3 |  4- 6 |  7- 9 || total
-------------------------+-------+-------+-------++-------
 Cast: Foxfire           |   101 |    24 |    77 ||   202
       Inner Flame       |       |     5 |    27 ||    32
       Scorch            |       |     2 |    12 ||    14
       Blink             |       |     1 |       ||     1
Armor: Robe              |     2 |       |       ||     2
Dodge: Dodged            |    11 |     6 |     2 ||    19
